Map: Opérations galactiques EC

Players

DarkBlue - Winner!

  • Race: Terran Terran
  • League: Platinum
  • Spawn Location: 1:00

zidar

  • Race: Zerg Zerg
  • League: Platinum
  • Spawn Location: 7:00

VOD

Have the link to the VOD?

Description

Time

  • Played on: Nov. 1, 2016, 12:34 p.m.
  • Length: 11:04
Show
View Real Time Build Order
Export as new Build Order

DarkBlue Terran - Winner!

Build Orders: Liberator Opening 

Get SALT Encoding   

  12  0:01  SCV  
  13  0:15  Supply Depot  
  13  0:18  SCV  
  14  0:27  Refinery  
  14  0:40  Barracks  
  14  0:44  SCV  
  15  0:56  SCV  
  16  1:07  Supply Depot  
  16  1:08  SCV  
  17  1:20  SCV  
  18  1:34  Barracks  
  18  1:37  Orbital Command  
  18  1:42  Reaper  
  19  1:50  Refinery  
  19  2:05  SCV  
  20  2:24  Factory  
  20  2:29  Reaper x2  
  22  2:34  SCV  
  23  2:45  Supply Depot  
  23  2:46  SCV  
  24  2:58  SCV  
  24  3:01  Marine x2  
  27  3:11  Hellion  
  27  3:12  Starport  
  29  3:16  Supply Depot  
  29  3:19  Marine x2  
  31  3:22  SCV  
  32  3:32  Hellion  
  34  3:42  Liberator  
  31  3:54  Marine x2  
  33  3:56  Factory Tech Lab  
  36  4:04  Engineering Bay  
  36  4:11  Marine  
  36  4:12  Marine  
  36  4:15  Siege Tank  
  41  4:29  Marine x2  
  43  4:32  Command Center, Supply Depot  
  43  4:46  Starport Tech Lab  
  43  4:47  Cyclone  
  47  4:55  Missile Turret  
  47  4:57  Supply Depot  
  47  5:06  Cloaking Field  
  47  5:16  Banshee  
  47  5:19  Cyclone  
  47  5:20  Supply Depot  
  54  5:36  Marine x2  
  56  5:58  Banshee  
  56  6:01  Marine  
  56  6:02  Marine  
  61  6:09  Orbital Command  
  63  6:12  Widow Mine  
  63  6:19  Marine x2  
  64  6:41  Widow Mine, Banshee  
  69  7:09  Widow Mine  
  69  7:24  Banshee  
  72  7:30  Siege Tank  
  72  8:07  Banshee  
  75  8:16  Siege Tank  
  75  8:19  Marine x2  
  80  8:36  Marine  
  80  8:37  Marine  
  82  8:53  Cyclone  
  86  8:57  Marine, Viking  
  86  9:05  Supply Depot  
  86  9:26  Marine x2  
  86  9:27  Cyclone  
  86  9:28  Supply Depot  
  92  9:44  Marine x2  
  94  9:52  Supply Depot  
  88  9:59  Cyclone  
  89  10:02  Marine x2  
  91  10:20  Marine x2  
  91  10:21  Missile Turret  
  93  10:26  Viking  
  95  10:31  Cyclone  
  99  10:38  Marine x2  
  101  10:45  Missile Turret  
Show
View Real Time Build Order
Export as new Build Order

zidar Zerg 

Build Orders: Hatch First 

Get SALT Encoding   

  12  0:02  Drone  
  13  0:12  Overlord  
  13  0:17  Drone  
  14  0:31  Drone x2  
  16  0:51  Hatchery  
  16  0:54  Drone  
  16  1:04  Drone  
  16  1:05  Extractor, Drone  
  17  1:25  Spawning Pool  
  16  1:38  Drone x3  
  19  2:11  Queen x2  
  19  2:13  Metabolic Boost  
  23  2:16  Zergling x4  
  23  2:17  Zergling x2  
  25  2:32  Roach Warren  
  24  2:41  Drone  
  24  2:42  Drone  
  26  2:59  Zergling x4  
  26  3:02  Overlord x2  
  30  3:34  Roach x2  
  30  3:35  Roach x5  
  38  3:56  Extractor  
  38  3:59  Overlord x2  
  38  4:00  Overlord  
  37  4:19  Ravager  
  37  4:20  Ravager  
  39  4:25  Drone x7  
  46  4:35  Queen  
  48  4:55  Drone x3  
  48  4:57  Lair  
  47  5:31  Ravager  
  48  5:41  Drone x7  
  55  5:43  Drone x3  
  58  6:01  Hatchery  
  57  6:17  Evolution Chamber  
  56  6:20  Evolution Chamber  
  52  6:45  Overseer  
  49  6:51  Spire  
  44  7:15  Spore Crawler  
  40  7:25  Roach x3  
  40  7:26  Roach x8  
  62  7:34  Hydralisk Den  
  58  8:14  Mutalisk  
  58  8:15  Mutalisk  
  59  8:39  Drone  
  59  8:40  Drone x3  
  60  8:51  Overlord x3  
  60  8:52  Overlord  
  60  8:57  Zerg Missile Weapons Level 1  
  60  9:14  Drone x4  
  60  9:16  Queen  
  64  9:20  Ravager x2  
  68  9:36  Ravager  
  56  10:10  Roach x2  
  56  10:11  Roach x7  
  74  10:20  Hatchery  
  74  10:21  Queen, Extractor x2  
  73  10:32  Ravager  
  74  10:36  Ravager  
Tags
 
Add a new tag
Caveats
  • Supply blocks, unpowered buildings, or Contaminate may cause inaccurate times.
  • Supply counts are checked every 10 seconds.